 Dungeon Sprint DCSS version 0.21-a0-401-g0b6bec4 (webtiles) character file.

25 Amnesiac the Sneak (level 2, -7/19 HPs)
             Began as a Demonspawn Earth Elementalist on Oct 21, 2017.
             Mangled by Sigmund
             ... wielding a +0 scythe
              (13 damage)
             ... in the Dungeon (Sprint I: "Red Sonja").
             The game lasted 00:01:22 (124 turns).

Amnesiac the Sneak (Demonspawn Earth Elementalist)   Turns: 124, Time: 00:01:22

Health: -7/19      AC:  2    Str:  8    XL:     2   Next: 82%
Magic:  4/5        EV: 12    Int: 16    God:
Gold:   108        SH:  0    Dex: 13    Spells: 2/5 levels left

rFire    . . .     SeeInvis .   a - -3 dagger (curse)
rCold    + . .     Gourm    .   (no shield)
rNeg     . . .     Faith    .   c - +0 robe
rPois    .         Spirit   .   (no helmet)
rElec    .         Reflect  .   (no cloak)
rCorr    .         Harm     .   (no gloves)
MR       .....     NoTele   +   (no boots)
Stlth    +++.......             (no amulet)
HPRegen  0.06/turn              (no ring)
MPRegen  0.09/turn              (no ring)

@: very slightly contaminated
A: cold resistance 1
a: no special abilities


You were in the Dungeon.
You were not hungry.

You visited 1 branch You collected 108 gold pieces.

Inventory:

Hand Weapons
 a - a cursed -3 dagger (weapon)
Missiles
 b - 21 stones (quivered)
Armour
 c - a +0 robe (worn)
Scrolls
 j - a scroll of blinking {!r}
Potions
 e - a potion of curing {!q}
 f - 3 potions of heal wounds {!q}
 g - a potion of haste {!q}
Books
 k - a book of Geomancy

   Spells                             Type                      Level
   a - Sandblast                      Earth                        1
   b - Passwall                       Transmutation/Earth          2
   c - Stone Arrow                    Conjuration/Earth            3
   d - Petrify                        Transmutation/Earth          4
   e - Lee's Rapid Deconstruction     Earth                        5
Comestibles
 d - a bread ration


   Skills:
 + Level 0.0 Short Blades
 - Level 1.7 Dodging
 - Level 6.0 Stealth
 - Level 2.0 Spellcasting
 - Level 0.8 Transmutations
 - Level 2.6 Earth Magic


You had 2 spell levels left.
You knew the following spells:

 Your Spells              Type           Power        Failure   Level  Hunger
a - Sandblast             Erth           ##....       7%          1    #......
b - Passwall              Tmut/Erth      #.........   16%         2    ###....


Dungeon Overview and Level Annotations

Branches:
Dungeon (1/1)

Altars:

Annotations:
D Sigmund


Innate Abilities, Weirdness & Mutations

Your flesh is cold resistant. (rC+)


Message History

Press: ? - help, Shift-Dir - straight line, f/p - Sigmund
Aim: Sigmund, wielding a scythe and wearing a runed robe (heavily wounded)
The blast of sand hits Sigmund.
Sigmund is heavily wounded.
b - 26 stones Sigmund barely misses you.
Really quaff
h - 2 potions of magic {!q}?
Magic courses through your body. Sigmund hits you with a scythe.
Casting: Sandblast
Confirm with . or Enter, or press ? or * to list all spells.
Aiming: Sandblast
Press: ? - help, Shift-Dir - straight line, f/p - Sigmund
Aim: Sigmund, wielding a scythe and wearing a runed robe (heavily wounded)
The blast of sand hits Sigmund.
Sigmund is severely wounded.
b - 25 stones
Casting: Sandblast
Confirm with . or Enter, or press ? or * to list all spells.
Aiming: Sandblast
Press: ? - help, Shift-Dir - straight line, f/p - Sigmund
Aim: Sigmund, wielding a scythe and wearing a runed robe (severely wounded)
You miscast Sandblast.
You are very lightly contaminated with residual magic.
Nothing appears to happen.
Sigmund closely misses you.
Casting: Sandblast
Confirm with . or Enter, or press ? or * to list all spells.
Aiming: Sandblast
Press: ? - help, Shift-Dir - straight line, f/p - Sigmund
Aim: Sigmund, wielding a scythe and wearing a runed robe (severely wounded)
The blast of sand hits Sigmund.
Sigmund is severely wounded.
b - 24 stones Sigmund hits you but does no damage.
Casting: Sandblast
Confirm with . or Enter, or press ? or * to list all spells.
Aiming: Sandblast
Press: ? - help, Shift-Dir - straight line, f/p - Sigmund
Aim: Sigmund, wielding a scythe and wearing a runed robe (severely wounded)
The blast of sand hits Sigmund.
Sigmund is almost dead.
b - 23 stones
Casting: Sandblast
Confirm with . or Enter, or press ? or * to list all spells.
Aiming: Sandblast
Press: ? - help, Shift-Dir - straight line, f/p - Sigmund
Aim: Sigmund, wielding a scythe and wearing a runed robe (almost dead)
The blast of sand hits Sigmund.
Sigmund is almost dead.
b - 22 stones Sigmund gestures at you while chanting.
The magic dart hits you!
Really quaff
h - a potion of magic {!q}?
Magic courses through your body. Sigmund hits you with a scythe!
* * * LOW HITPOINT WARNING * * *
Casting: Sandblast
Confirm with . or Enter, or press ? or * to list all spells.
Aiming: Sandblast
Press: ? - help, Shift-Dir - straight line, f/p - Sigmund
Aim: Sigmund, wielding a scythe and wearing a runed robe (almost dead)
The blast of sand misses Sigmund.
b - 21 stones Sigmund hits you with a scythe!
Ouch! That really hurt!
You die...

####### ####
#<.#..+ #.@+
#..[..# +@.#
#..#####+####
#..# #..#
#..# ####
#..# #⌠⌠#
#### #..#
####


You could see Sigmund.

Vanquished Creatures
  Ijyb (D)
1 creature vanquished.

Notes
Turn   | Place    | Note
-------+----------+-------------------------------------------
     0 | D        | Amnesiac the Demonspawn Earth Elementalist began the quest for the Orb.
     0 | D        | Reached XP level 1. HP: 13/13 MP: 3/3
     1 | D        | Noticed Ijyb
    10 | D        | Killed Ijyb
    10 | D        | Reached skill level 6 in Stealth
    10 | D        | Gained mutation: Your flesh is cold resistant. (rC+) [demonic ancestry]
    10 | D        | Reached XP level 2. HP: 19/19 MP: 1/5
    56 | D        | Learned a level 2 spell: Passwall
   113 | D        | Noticed Sigmund
   124 | D        | Mangled by Sigmund

Vault maps used:
D:        dungeon_sprint_1

Skill      XL: |  1 |
---------------+----+-----
Stealth        | 6 |  6.0
Dodging        | |  1.7
Spellcasting   | |  2.0
Transmutations | |  0.8
Earth Magic    | |  2.6

Action                   || total
-------------------------++-------
Melee: Unarmed           ||     6
       Dagger            ||     1
 Cast: Sandblast         ||     9
       Passwall          ||     4
  Use: Potion            ||     3
 Stab: Sleeping          ||     1
Armor: Robe              ||     1
Dodge: Dodged            ||     5

Table legend:
 A = Spawn XP
 B = Non-spawn XP
 C = Spawn XP percentage of total XP
 D = Spawn monster count
 E = Non-spawn monster count
 F = Spawn count percentage of total count
 G = Total turns spent on level
                    A         B        C        D         E        F      G
               +---------+---------+-------+---------+---------+-------+---------
         Total |       0 |      36 |   0.0 |       0 |       1 |   0.0 |   124
               +---------+---------+-------+---------+---------+-------+---------
             D |       0 |      36 |   0.0 |       0 |       1 |   0.0 |   124
               +---------+---------+-------+---------+---------+-------+---------
